 Dungeon Crawl Stone Soup version 0.31.0-11-ge490571c62 (webtiles) character file.

Game seed: 12409251078168369973

2 qw the Shooter (level 1, -2/12 HPs)
             Began as a Deep Elf Hunter on Feb 4, 2024.
             Slain by a hobgoblin (4 damage)
             ... on level 1 of the Dungeon.
             The game lasted 00:00:01 (21 turns).

qw the Shooter (Deep Elf Hunter)                      Turns: 21, Time: 00:00:01

Health: -2/12      AC:  3    Str:  8    XL:     1   Next: 33%
Magic:  3/3        EV: 12    Int: 13    God:
Gold:   0          SH:  0    Dex: 18    Spells: 0/0 levels left

rFire   . . .        a - +0 shortbow
rCold   . . .        (shield currently unavailable)
rNeg    . . .        c - +0 leather armour
rPois   .            (no helmet)
rElec   .            (no cloak)
rCorr   .            (no gloves)
SInv    .            (no boots)
Will    .....        (no amulet)
Stlth   ++           (no ring)
HPRegen 0.22/turn    (no ring)
MPRegen 0.08/turn

%: no passive effects
@: no status effects
A: no striking features
a: no special abilities


You were on level 1 of the Dungeon.
You visited 1 branch of the dungeon, and saw 1 of its levels.


   Skills:
 - Level 1.5 Fighting
 + Level 5.5 Ranged Weapons
 - Level 2.4 Dodging
 - Level 1.2 Stealth


You couldn't memorise any spells.
You didn't know any spells.
Your spell library was empty.

Inventory:

Hand Weapons
 a - a +0 shortbow (weapon)
Armour
 c - a +0 leather armour (worn)
Scrolls
 b - a scroll of butterflies

Dungeon Overview and Level Annotations

Branches:
Dungeon (1/15)

Altars:


Message History

There is a large open door here.
A goblin and a hobgoblin come into view.
You shoot an arrow. The arrow barely misses the goblin.
The hobgoblin shouts!
You shoot an arrow. The arrow hits the goblin!
You kill the goblin!
You shoot an arrow. The arrow hits the hobgoblin.
The hobgoblin is moderately wounded.
A ball python comes into view.
You shoot an arrow. The arrow barely misses the hobgoblin.
The ball python hisses angrily.
You shoot an arrow. The arrow hits the hobgoblin.
The hobgoblin is severely wounded.
The hobgoblin hits you.
You shoot an arrow. The arrow barely misses the hobgoblin.
The hobgoblin closely misses you. The hobgoblin misses you.
You shoot an arrow.
The arrow hits the hobgoblin but does no damage.
The hobgoblin is severely wounded.
The hobgoblin barely misses you.
You shoot an arrow. The arrow closely misses the hobgoblin.
The ball python barely misses you. The ball python grabs you.
The ball python constricts you. The hobgoblin hits you.
You shoot an arrow. The arrow hits the ball python.
The ball python is heavily wounded.
The ball python bites you but does no damage.
The ball python constricts you. The hobgoblin barely misses you.
The ball python bites you. The ball python constricts you.
You shoot an arrow.
The arrow hits the ball python but does no damage.
The ball python is heavily wounded.
The hobgoblin barely misses you. The ball python bites you.
The ball python constricts you.
You shoot an arrow. The arrow hits the ball python!
You kill the ball python!
The hobgoblin hits you. The hobgoblin closely misses you.
You shoot an arrow.
The arrow completely misses the hobgoblin.
The hobgoblin hits you.
You die...

.. . . ##########
#. ###<#8#%#8#
#.####8#'#.#+#.#
#....'..........
#..#....'..........
#......@#8#'#.#+#.#
#.##..%g###%#8#%#8#
#.##.########### #
.). ... #.... .....
.#....


You could see a hobgoblin.

Vanquished Creatures
  A ball python (D:1)
  A goblin (D:1)
2 creatures vanquished.

Notes
Turn   | Place    | Note
-------+----------+-------------------------------------------
     0 | D:1      | qw the Deep Elf Hunter began the quest for the Orb.
     0 | D:1      | Reached XP level 1. HP: 12/12 MP: 3/3
     0 | D:1      | 0 ||| qw: Version: 0.3-a-160-g6735b56
     0 | D:1      | 0 ||| qw: Game counter: 5763
     0 | D:1      | 0 ||| qw: Melee chars always use a shield: true
     0 | D:1      | 0 ||| qw: God list: Okawaru
     0 | D:1      | 0 ||| qw: Allow faded altars: false
     0 | D:1      | 0 ||| qw: Do Orc after clearing Dungeon:15 true
     0 | D:1      | 0 ||| qw: Do second Lair branch before Depths: true
     0 | D:1      | 0 ||| qw: Lair rune preference: random
     0 | D:1      | 0 ||| qw: Goals: Normal
     0 | D:1      | 0 ||| PLANNING D:1-11
    19 | D:1      | HP: 3/12 [ball python (1)]
    21 | D:1      | Slain by a hobgoblin

Levels and vault maps discovered:
D:1:      wander_arrival_abandoned_jail, layout_rooms,
          dreamdust_ecumenical_altar_sealed_demon, kennysheep_decorative_pillar,
          minmay_ruptured

Action                     || total
---------------------------++-------
   Fire: Shortbow          ||    12
 Armour: Leather armour    ||     7
  Dodge: Dodged            ||     7

Table legend:
 A = Non-vault XP
 B = Vault XP
 C = Vault XP percentage of total XP
 D = Non-vault monster count
 E = Vault monster count
 F = Vault count percentage of total count
                 A         B        C        D         E       F
            +---------+---------+-------+---------+---------+-------
      Total |       4 |       0 |   0.0 |       2 |       0 |   0.0
            +---------+---------+-------+---------+---------+-------
        D:1 |       4 |       0 |   0.0 |       2 |       0 |   0.0
            +---------+---------+-------+---------+---------+-------
